 Dungeon Crawl Stone Soup version 0.30-a0-870-gc5d4c5acee (webtiles) character file.

Game seed: 16586614699611536910

24 Vylera the Magician (level 2, -7/19 HPs)
             Began as a Demonspawn Wanderer on Mar 12, 2023.
             Was a Follower of Dithmenos.
             Mangled by a worm (9 damage)
             ... on level 2 of the Dungeon.
             The game lasted 00:04:30 (1015 turns).

Vylera the Magician (Demonspawn Wanderer)           Turns: 1015, Time: 00:04:31

Health: -7/19      AC:  4    Str: 10    XL:     2   Next: 79%
Magic:  0/5        EV: 11    Int: 12    God:    Dithmenos [*.....]
Gold:   46         SH:  6    Dex: 15    Spells: 5/6 levels left

rFire   . . .      SeeInvis .    a - +0 dagger
rCold   . . .      Faith    .    c - +2 buckler
rNeg    . . .      Spirit   .    e - +0 robe
rPois   .          Reflect  .    (no helmet)
rElec   .          Rampage  .    (no cloak)
rCorr   .                        (no gloves)
Will    .....                    (no boots)
Stlth   ++                       (no amulet)
HPRegen 0.23/turn                (no ring)
MPRegen 0.09/turn                (no ring)

@: wreathed by umbra
A: yellow scales 1
a: Renounce Religion


You were on level 2 of the Dungeon.
You worshipped Dithmenos.
Dithmenos was aware of your devotion.
You visited 1 branch of the dungeon, and saw 2 of its levels.

You collected 46 gold pieces.

Inventory:

Hand Weapons
 a - a +0 dagger (weapon)
Missiles
 b - 6 boomerangs (quivered)
Armour
 c - a +2 buckler (worn)
 e - a +0 robe (worn)
Scrolls
 f - 2 scrolls of identify {unknown}
 g - a scroll of enchant weapon {unknown}
 h - 2 scrolls of teleportation {unknown}
 k - a scroll of fog {unknown}
 m - a scroll of noise {unknown}
 o - a scroll of poison {unknown}
Potions
 d - a potion of curing
 i - a potion of lignification {unknown}
 j - 2 potions of cancellation {unknown}
 l - a potion of degeneration {unknown}
 n - a potion of attraction {unknown}


   Skills:
 - Level 1.0 Throwing
 - Level 1.7 Armour
 - Level 1.0 Dodging
 - Level 1.7 Shields
 + Level 2.6 Spellcasting
 - Level 2.0 Conjurations
 - Level 1.0 Evocations


You had 5 spell levels left.
You knew the following spells:

 Your Spells              Type           Power      Damage    Failure   Level
a - Shock                 Conj/Air       12%        1d3       22%         1

Your spell library contained the following spells:

 Spells                   Type           Power      Damage    Failure   Level
 Hailstorm                Conj/Ice       3%         3d3       56%         3


Dungeon Overview and Level Annotations

Branches:
Dungeon (2/15)

Altars:
Dithmenos


Innate Abilities, Weirdness & Mutations

You are partially covered in yellow scales. (AC +2)


Message History

Aim: a worm (severely wounded, umbra, 88% to hit)
You miscast Shock.
You are very lightly contaminated with residual magic.
Nothing appears to happen.
The worm bites you but does no damage.
You barely miss the worm.
The worm is severely wounded.
You hit the worm.
The worm is severely wounded.
The worm closely misses you.
You barely miss the worm.
The worm is severely wounded.
You block the worm's attack.
You hit the worm.
The worm is severely wounded.
You barely miss the worm.
The worm is severely wounded.
The worm bites you!
* * * LOW HITPOINT WARNING * * *
You barely miss the worm.
The worm is severely wounded.
The worm closely misses you.
Your magical contamination has completely faded away.
You hit the worm.
The worm is severely wounded.
You completely miss the worm.
The worm is severely wounded.
The worm closely misses you.
You completely miss the worm.
The worm is severely wounded.
Casting: Shock (safe; 22% risk of failure)
Confirm with . or Enter, or press ? or * to list all spells.
Aiming: Shock (safe; 22% risk of failure)
Press: ? - help, Shift-Dir - straight line, f/p - worm
Aim: a worm (severely wounded, umbra, 88% to hit)
The zap hits the worm.
The worm is severely wounded.
The zap hits the worm.
The worm is almost dead.
The worm bites you!
You die...

........#
#.#.######.#
.....# #.#
....# #.# .
...####.## ..
..##....#
#.###.##....#
#.....##....#.#
#..w@......#
#......#....###
#......#....#
#......#....#
......###..<.#
.....## #....#
..... #....#
....g ######


You could see a worm.

Vanquished Creatures
  A dart slug (D:1)
  3 bats (D:1)
  A giant cockroach (D:1)
  A goblin (D:1)
  4 hobgoblins (D:1)
  3 kobolds (D:1)
  A quokka (D:1)
  2 ball pythons (D:1)
  A frilled lizard (D:1)
  2 rats (D:1)
  A spectral goblin (D:1)
20 creatures vanquished.

Vanquished Creatures (others)
  A plant (D:1)
1 creature vanquished.

Grand Total: 21 creatures vanquished

Notes
Turn   | Place    | Note
-------+----------+-------------------------------------------
     0 | D:1      | Vylera the Demonspawn Wanderer began the quest for the Orb.
     0 | D:1      | Vylera set off with the following items: a +0 dagger, 6
                  | boomerangs, a +2 buckler, a potion of curing, a +0 robe;
                  | and the following spell memorised: Shock; and the following
                  | spells available to memorise: Hailstorm.
     0 | D:1      | Reached XP level 1. HP: 13/13 MP: 2/2
   244 | D:1      | Gained mutation: You are partially covered in yellow
                  | scales. (AC +2) [demonic ancestry]
   244 | D:1      | Reached XP level 2. HP: 16/19 MP: 5/5
   524 | D:1      | Found a faded altar of an unknown god.
   604 | D:1      | Prayed at the altar of an unknown god.
   604 | D:1      | Became a worshipper of Dithmenos the Shadowed
   604 | D:1      | Reached * piety under Dithmenos
  1015 | D:2      | Mangled by a worm

Illustrated notes

Levels and vault maps discovered:
D:1:      lemuel_arrival_muddy, layout_basic,
          dreamdust_ecumenical_altar_drowned_temple, serial_forest,
          infiniplex_forest_straight_2, infiniplex_forest_clump_double,
          infiniplex_forest_clump_small, infiniplex_forest_straight_4,
          infiniplex_forest_side_room
D:2:      layout_basic

Skill      XL: |  1 |
---------------+----+-----
Spellcasting   | 2 |  2.6
Throwing       | |  1.0
Armour         | |  1.7
Dodging        | |  1.0
Shields        | |  1.7
Conjurations   | |  2.0
Evocations     | |  1.0

Action                     || total
---------------------------++-------
  Melee: Dagger            ||   175
   Cast: Shock             ||     8
   Stab: Sleeping          ||     1
 Armour: Robe              ||    44
  Dodge: Dodged            ||    96
  Block: Buckler           ||    58

Table legend: (Time is in decaauts)
 A = Elapsed time spent in this place.
 B = Non-inter-level travel time spent in this place.
 C = Inter-level travel time spent in this place.
 D = Time resting spent in this place.
 E = Time spent auto-exploring this place.
 F = Levels seen in this place.
 G = Mean time per level.
                   A        B        C        D        E       F      G
               +--------+--------+--------+--------+--------+-----+--------+
         Total |   1037 |   1020 |     17 |      0 |    718 |   2 |  518.5 |
       Dungeon |   1037 |   1020 |     17 |      0 |    718 |   2 |  518.5 |
               +--------+--------+--------+--------+--------+-----+--------+

Top non-repeatable levels by time:
     D:1: 917 daAuts
     D:2: 120 daAuts
